 Dungeon Crawl Stone Soup version 0.23.0-3-gf3c87f2 (webtiles) character file.

Game seed: 7237296968080621847

72 misha the Poker (level 4, -11/33 HPs)
             Began as a Merfolk Gladiator on Feb 22, 2019.
             Mangled by a gnoll
             ... wielding a +0 halberd
              (12 damage)
             ... on level 2 of the Dungeon.
             The game lasted 00:05:45 (2087 turns).

misha the Poker (Merfolk Gladiator)                 Turns: 2087, Time: 00:05:45

Health: -11/33     AC:  4    Str: 15    XL:     4   Next: 25%
Magic:  4/4        EV: 14    Int:  7    God:
Gold:   51         SH:  0    Dex: 15    Spells: 3/3 levels left

rFire    . . .     SeeInvis .   a - +0 trident
rCold    . . .     Gourm    .   (no shield)
rNeg     . . .     Faith    .   b - +0 leather armour
rPois    .         Spirit   .   c - +0 helmet
rElec    .         Reflect  .   (no cloak)
rCorr    .         Harm     .   (no gloves)
MR       .....                  (no boots)
Stlth    +.........             (no amulet)
HPRegen  0.11/turn              (no ring)
MPRegen  0.09/turn              (no ring)

@: no status effects
A: change form in water, swift swim, stealthy swim
a: no special abilities


You were on level 2 of the Dungeon.
You were not hungry.

You visited 1 branch of the dungeon, and saw 2 of its levels.

You collected 51 gold pieces.

Inventory:

Hand Weapons
 a - a +0 trident (weapon)
Missiles
 d - 3 throwing nets (quivered)
Armour
 b - a +0 leather armour (worn)
 c - a +0 helmet (worn)
Scrolls
 e - a scroll of magic mapping {unknown}
 j - 2 scrolls of blinking {unknown}
 k - a scroll of fog {unknown}
 l - a scroll of remove curse {unknown}
Potions
 g - a potion of might {unknown}
 h - 2 potions of heal wounds {unknown}
 i - a potion of haste {unknown}
 m - a potion of curing {unknown}


   Skills:
 - Level 2.3 Fighting
 + Level 6.0 Polearms
 + Level 3.1 Throwing
 - Level 4.2 Dodging


You had 3 spell levels left.
You didn't know any spells.
Your spell library was empty.

Dungeon Overview and Level Annotations

Branches:
Dungeon (2/15)

Altars:

Annotations:
D:2 Jessica


Message History

You are too injured to fight recklessly!
You are too injured to fight recklessly!
The gnoll barely misses you. The gnoll completely misses you.
The gnoll barely misses you.
You are too injured to fight recklessly!
You are too injured to fight recklessly!
You are too injured to fight recklessly!
You are too injured to fight recklessly!
The gnoll hits you from afar with a +0 spear.
* * * LOW HITPOINT WARNING * * *
The gnoll misses you. The gnoll hits you but does no damage.
The gnoll hits you with a +0 halberd.
* * * LOW HITPOINT WARNING * * *
The gnoll misses you.
You puncture the gnoll!
The gnoll is severely wounded.
The gnoll hits you with a +0 spear.
* * * LOW HITPOINT WARNING * * *
The gnoll hits you with a +0 halberd!
You die...

#.####......#..... #.#
#.###.###.... #.# #.#
#.......#
######.####.#######.).#
#.......##.....# #...#
#..............# #...#
#.....g.##g....# #...#
#....gg.##.g...# #...#
#.....@.##.....# #...#
#.......##.....# #...#
#.......##....... #...#
#.......###...g...#...#
######### #.......#...#
#.......##### #.......#


You could see 3 gnolls.

Vanquished Creatures
  3 adders (D:2)
  A gnoll (D:2)
  A worm (D:2)
  2 dart slugs
  4 bats
  A giant cockroach (D:1)
  3 goblins (D:1)
  5 hobgoblins
  3 kobolds (D:1)
  A ball python (D:2)
  3 frilled lizards
  6 rats
33 creatures vanquished.

Notes
Turn   | Place    | Note
-------+----------+-------------------------------------------
     0 | D:1      | misha the Merfolk Gladiator began the quest for the Orb.
     0 | D:1      | Reached XP level 1. HP: 16/16 MP: 1/1
   442 | D:1      | Reached XP level 2. HP: 22/22 MP: 2/2
   560 | D:1      | Reached skill level 5 in Polearms
  1078 | D:2      | Reached XP level 3. HP: 27/27 MP: 3/3
  1108 | D:2      | Noticed Jessica
  1607 | D:2      | Reached XP level 4. HP: 33/33 MP: 4/4
  2070 | D:2      | Reached skill level 6 in Polearms
  2087 | D:2      | HP: 1/33 [gnoll/+0 spear (2)]
  2087 | D:2      | Mangled by a gnoll

Skill      XL: |  1  2  3  4 |
---------------+-------------+-----
Polearms       | 5 6 |  6.0
Throwing       | 3 |  3.1
Fighting       | |  2.3
Dodging        | |  4.2

Action                   |  1- 3 |  4- 6 || total
-------------------------+-------+-------++-------
Melee: Trident           |    99 |    26 ||   125
 Stab: Sleeping          |     1 |       ||     1
  Eat: Ration            |     1 |       ||     1
Armor: Leather armour    |    17 |     7 ||    24
Dodge: Dodged            |    55 |    18 ||    73
